 Dungeon Crawl Stone Soup version 0.30-a0-310-g7d6cbdfea6 (webtiles) character file.

Game seed: 3764140488288297673

10936 vineage the Fighter (level 11, -4/76 HPs)
             Began as a Gargoyle Fighter on Oct 24, 2022.
             Was an Elder of Okawaru.
             Slain by an orc warrior
             ... wielding a +0 glaive
              (5 damage)
             ... on level 1 of the Orcish Mines.
             The game lasted 00:19:37 (9581 turns).

vineage the Fighter (Gargoyle Fighter)              Turns: 9581, Time: 00:19:37

Health: -4/76      AC: 30    Str: 29    XL:     11   Next: 69%
Magic:  14/14      EV:  6    Int: 10    God:    Okawaru [****..]
Gold:   616        SH: 21    Dex:  9    Spells: 10/10 levels left

rFire   . . .      SeeInvis .    d - +3 hammer (protect)
rCold   + . .      Faith    .    B - +2 tower shield {reflect}
rNeg    + . .      Spirit   .    y - +1 chain mail {rC+}
rPois   ∞          Reflect  +    (no helmet)
rElec   +          Harm     .    t - scarf {+Inv}
rCorr   +          Rampage  .    u - +0 pair of gloves
Will    .....                    i - +0 pair of boots
Stlth   ..........               F - amulet "Rairam" {Reflect rElec SH+5}
HPRegen 1.12/turn                e - ring of resist corrosion
MPRegen 0.14/turn                l - +6 ring of strength

@: mighty, under a protective aura
A: sickness immunity, AC +8, negative energy resistance 1, electricity
resistance, torment resistance 1, petrification resistance, high MP 1,
regeneration 1
a: Renounce Religion, Evoke Invisibility, Heroism, Finesse


You were on level 1 of the Orcish Mines.
You worshipped Okawaru.
Okawaru was greatly pleased with you.
You visited 3 branches of the dungeon, and saw 13 of its levels.

You collected 686 gold pieces.
You spent 70 gold pieces at shops.

Inventory:

Hand Weapons
 a - a +0 flail
 d - a +3 hammer of protection (weapon)
Missiles
 r - 7 throwing nets (quivered)
Armour
 i - a +0 pair of boots (worn)
 t - a scarf of invisibility (worn)
 u - a +0 pair of gloves (worn)
 y - a +1 chain mail of cold resistance (worn)
 B - a +2 tower shield of reflection (worn)
Jewellery
 e - a ring of resist corrosion (left hand)
 l - a +6 ring of strength (right hand)
 F - the amulet "Rairam" (around neck) {Reflect rElec SH+5}
   (You acquired it on level 11 of the Dungeon)

   [amulet of reflection]

   It reflects blocked missile attacks.
   rElec:     It insulates you from electricity.
   SH:        It affects your SH (+5).
Wands
 o - a wand of mindburst (22)
 q - a wand of flame (26)
 x - a wand of roots (13)
Scrolls
 g - 3 scrolls of teleportation
 k - 3 scrolls of enchant weapon
 s - 2 scrolls of blinking
 D - a scroll of fear
 G - a scroll of poison
Potions
 b - a potion of haste {unknown}
 c - 2 potions of lignification {unknown}
 f - 3 potions of cancellation
 h - 3 potions of degeneration {unknown}
 j - 2 potions of brilliance {unknown}
 m - 5 potions of curing
 n - 2 potions of ambrosia {unknown}
 w - 3 potions of mutation
 z - 2 potions of attraction {unknown}
 A - a potion of magic {unknown}
 C - a potion of flight {unknown}


   Skills:
 * Level 12.7 Fighting
 * Level 8.7 Maces & Flails
 + Level 9.3 Armour
 + Level 9.4 Shields
 + Level 2.6 Invocations


You had 10 spell levels left.
You didn't know any spells.
Your spell library contained the following spells:

 Spells                   Type           Power      Damage    Failure   Level
 Kiss of Death            Conj/Necr      0%         2d5       100%        1
 Shock                    Conj/Air       0%         1d3       100%        1
 Confusing Touch          Hex            0%         N/A       100%        3
 Inner Flame              Hex/Fire       0%         N/A       100%        3
 Ozocubu's Armour         Ice            0%         N/A       100%        3
 Swiftness                Air            0%         N/A       100%        3
 Airstrike                Air            0%         2d(0-16)  100%        4
 Cause Fear               Hex            0%         N/A       100%        4
 Dispel Undead            Necr           0%         3d6       100%        4
 Lightning Bolt           Conj/Air       0%         1d11      100%        5
 Metabolic Englaciation   Hex/Ice        0%         N/A       100%        5
 Discord                  Hex            0%         N/A       100%        8
 Summon Lightning Spire   Summ/Air       Unusable   N/A       N/A         4
 Simulacrum               Ice/Necr       Unusable   N/A       N/A         6

Dungeon Overview and Level Annotations

Branches:
Dungeon (11/15)            Temple (1/1) D:4             Orc (1/2) D:11
   Lair: D:8-11

Altars:
Ashenzari
Cheibriados
Dithmenos
Elyvilon
Fedhas
Gozag
Hepliaklqana
Kikubaaqudgha
Makhleb
Nemelex Xobeh
Okawaru
Qazlal
Ru
Sif Muna
Trog
Uskayaw
Vehumet
Wu Jian
Xom
Yredelemnul
Zin
The Shining One

Shops:
D:3 (   D:5 =   D:6 !


Innate Abilities, Weirdness & Mutations

You are immune to sickness and miasma.
Your stone body is resilient. (AC +8)
You are immune to poison.
You resist negative energy. (rN+)
You are resistant to electric shocks. (rElec)
You are resistant to unholy torment.
You are immune to petrification.
You have an increased reservoir of magic. (+10% MP)
Your natural rate of healing is unusually fast.


Message History

You block the orc's attack.
The orc priest mumbles some strange prayers to Beogh against you.
Beogh smites you!
* * * LOW HITPOINT WARNING * * *
You thump the orc!
You kill the orc!
Okawaru accepts your kill.
You block the orc warrior's attack. x2; The orc hits you but does no damage.
You block the orc's attack.
You sock the orc!
You kill the orc!
Okawaru accepts your kill. You block the orc warrior's attack.
The orc hits you but does no damage. You block the orc's attack.
The orc warrior hits you but does no damage.
The orc warrior barely misses you.
The orc warrior hits you but does no damage.
You block the orc's attack. The orc hits you but does no damage.
You sock the orc!
You kill the orc!
Okawaru accepts your kill. You block the orc warrior's attack.
The orc warrior barely misses you. You block the orc's attack. x2
You closely miss the orc. You block the orc warrior's attack.
You block the orc's attack.
The orc warrior hits you from afar with a +0 trident.
* * * LOW HITPOINT WARNING * * *
The orc hits you but does no damage.
You barely miss the orc. You block the orc warrior's attack. x2
You block the orc's attack. The orc hits you but does no damage. x2
You sock the orc!
You kill the orc!
Okawaru accepts your kill. The orc closely misses you.
You block the orc's attack.
The orc warrior hits you but does no damage.
The orc warrior hits you from afar with a +0 glaive!
* * * LOW HITPOINT WARNING * * *
You block the orc warrior's attack. You block the orc's attack.
The orc warrior hits you from afar with a +0 glaive.
You die...

###### ##.##@##
#...ooo# ##..#.oo##
##........##
##.#........##
#............#.###
##...............#
##.................
#................#.
#.


You could see 2 orc warriors, an orc priest and 2 orcs.

Vanquished Creatures
  Harold (D:9)
  4 two-headed ogres
  Psyche (D:11)
  A troll (Orc:1)
  A tyrant leech (D:11)
  A vampire (D:9)
  2 wraiths (D:11)
  A wyvern (D:8)
  4 yaks (D:9)
  3 steam dragons
  5 vampire mosquitoes
  Menkaure (D:4)
  7 orc warriors
  4 sky beasts
  An ice beast (D:7)
  2 black bears
  6 centaurs
  2 ogres
  A phantom (D:4)
  3 kobold brigands
  4 bullfrogs
  A necrophage (D:4)
  A scorpion (D:5)
  A gnoll sergeant (D:8)
  12 wights
  4 killer bees (D:10)
  9 electric eels
  A jelly (D:6)
  8 hounds
  8 orc priests
  Crazy Yiuf (D:3)
  Jessica (D:3)
  6 iguanas
  Natasha (D:2)
  7 orc wizards
  8 gnolls
  9 adders
  A shadow imp (D:7)
  2 white imps
  3 ufetubi
  8 worms
  45 orcs
  5 ball pythons
  An endoplasm (D:4)
  2 giant cockroaches (D:4)
  7 goblins
  7 hobgoblins
  29 kobolds
  A quokka (D:1)
  6 bats
  7 frilled lizards
  8 rats
265 creatures vanquished.

Vanquished Creatures (others)
  A kobold brigand (D:7)
  7 fungi (D:3)
  43 plants
51 creatures vanquished.

Grand Total: 316 creatures vanquished

Notes
Turn   | Place    | Note
-------+----------+-------------------------------------------
     0 | D:1      | vineage the Gargoyle Fighter began the quest for the Orb.
     0 | D:1      | Reached XP level 1. HP: 14/14 MP: 1/1
   142 | D:1      | Reached XP level 2. HP: 19/19 MP: 2/2
   384 | D:1      | Reached XP level 3. HP: 23/24 MP: 3/3
   468 | D:1      | Found a faded altar of an unknown god.
   700 | D:2      | Reached skill level 4 in Fighting
   909 | D:2      | Found a hazy altar of Hepliaklqana.
   933 | D:2      | Noticed Natasha
   940 | D:2      | Killed Natasha
   941 | D:2      | Reached XP level 4. HP: 24/30 MP: 4/4
  1255 | D:2      | Gained mutation: You have a pair of small antennae on your
                  | head. [potion of mutation]
  1255 | D:2      | Gained mutation: You expend magic power (3 MP) to
                  | strengthen your wands. [potion of mutation]
  1255 | D:2      | Gained mutation: You passively map a small area around you.
                  | [potion of mutation]
  1256 | D:2      | Lost mutation: You expend magic power (3 MP) to strengthen
                  | your wands. [potion of mutation]
  1256 | D:2      | Lost mutation: You passively map a small area around you.
                  | [potion of mutation]
  1256 | D:2      | Gained mutation: You have a pair of antennae on your head.
                  | [potion of mutation]
  1273 | D:3      | Found Nasiutt's Weapon Shoppe.
  1282 | D:3      | Found a sparkling altar of Nemelex Xobeh.
  1326 | D:3      | Reached XP level 5. HP: 34/34 MP: 5/5
  1398 | D:3      | Noticed Jessica
  1408 | D:3      | Killed Jessica
  1989 | D:3      | Found a runed translucent door.
  1990 | D:3      | Noticed Crazy Yiuf
  2000 | D:3      | Killed Crazy Yiuf
  2134 | D:4      | Reached skill level 5 in Fighting
  2173 | D:4      | Reached XP level 6. HP: 32/40 MP: 6/6
  2211 | D:4      | Found a staircase to the Ecumenical Temple.
  2270 | D:4      | Found a shadowy altar of Dithmenos.
  2307 | D:4      | Noticed Menkaure
  2319 | D:4      | Killed Menkaure
  2320 | D:4      | Reached XP level 7. HP: 40/45 MP: 7/7
  2440 | D:4      | Reached skill level 6 in Fighting
  2604 | Temple   | Entered the Ecumenical Temple
  2926 | D:5      | Entered Level 5 of the Dungeon
  2926 | D:5      | Found Cabrog's Jewellery Emporium.
  3002 | Temple   | Became a worshipper of Warmaster Okawaru
  3436 | D:5      | Reached skill level 5 in Shields
  3619 | D:5      | Reached skill level 5 in Armour
  3907 | D:5      | Found an opulent altar of Gozag.
  3960 | D:5      | Reached * piety under Okawaru
  3961 | D:5      | Reached skill level 7 in Fighting
  3961 | D:5      | Reached XP level 8. HP: 53/53 MP: 8/8
  4582 | D:6      | Lost mutation: You have a pair of antennae on your head.
                  | [potion of mutation]
  4582 | D:6      | Lost mutation: You have a pair of small antennae on your
                  | head. [potion of mutation]
  4582 | D:6      | Gained mutation: You have an increased reservoir of magic.
                  | (+10% MP) [potion of mutation]
  4582 | D:6      | Gained mutation: Your natural rate of healing is unusually
                  | fast. [potion of mutation]
  4866 | D:6      | Found Kuofujui's Distillery.
  4875 | D:6      | Bought a potion of heal wounds for 70 gold pieces
  4898 | D:6      | Reached skill level 5 in Maces & Flails
  4901 | D:6      | Reached skill level 8 in Fighting
  4963 | D:6      | Reached ** piety under Okawaru
  5088 | D:6      | Reached XP level 9. HP: 56/60 MP: 7/9
  5731 | D:7      | Reached skill level 9 in Fighting
  5746 | D:7      | You fall into a shaft and drop 2 floors!
  6036 | D:9      | Reached *** piety under Okawaru
  6054 | D:9      | Reached skill level 10 in Fighting
  6073 | D:9      | Found an ornate altar of the Wu Jian Council.
  6115 | D:9      | Reached XP level 10. HP: 58/68 MP: 11/11
  6220 | D:9      | Noticed Harold
  6246 | D:9      | Killed Harold
  6246 | D:9      | Reached **** piety under Okawaru
  6840 | D:8      | Reached skill level 11 in Fighting
  6864 | D:8      | Noticed a two-headed ogre
  6877 | D:8      | Killed a two-headed ogre
  6877 | D:8      | Reached ***** piety under Okawaru
  7120 | D:8      | Noticed a two-headed ogre
  7137 | D:8      | Killed a two-headed ogre
  7137 | D:8      | Received a gift from Okawaru
  7138 | D:8      | Reached XP level 11. HP: 36/76 MP: 10/12
  7508 | D:7      | Reached skill level 12 in Fighting
  8063 | D:10     | Entered Level 10 of the Dungeon
  8339 | D:10     | Noticed a two-headed ogre
  8355 | D:10     | Killed a two-headed ogre
  8356 | D:10     | Reached skill level 1 in Invocations
  8558 | D:10     | Noticed a two-headed ogre
  8575 | D:10     | Killed a two-headed ogre
  8614 | D:11     | Identified a scroll of acquirement
  8614 | D:11     | Acquired the amulet "Rairam" {Reflect rElec SH+5}
  8738 | D:11     | Noticed Psyche
  8756 | D:11     | Killed Psyche
  8919 | D:11     | Found a staircase to the Orcish Mines.
  8959 | D:11     | Noticed a boulder beetle
  9058 | Orc:1    | Entered Level 1 of the Orcish Mines
  9058 | Orc:1    | Noticed an orc sorcerer
  9238 | Orc:1    | Noticed an orc knight
  9581 | Orc:1    | HP: 1/76 [orc warrior/+0 glaive (15)]
  9581 | Orc:1    | Slain by an orc warrior

Illustrated notes

Levels and vault maps discovered:
D:1:      ncdulo_wetmaze, layout_basic, dilly_ecumenical_altar_fadedgnrine,
          serial_bayou_ford_a, roderic_cross_of_infinity, glass_columns_b
D:2:      layout_basic, basic_altar, uniq_natasha
D:3:      layout_loops_ring, mainiacjoe_overflow_cross_hatched, serial_shops,
          nicolae_shop_hallway_stairs, uniq_crazy_yiuf_cottage, uniq_jessica
D:4:      layout_basic, grunt_dithmenos_smoke_and_mirrors,
          minmay_temple_entry_glass, uniq_menkaure
D:5:      layout_layer_cave, nicolae_gozag_seed_capital, nicolae_stop_n_shop_1
D:6:      corexii_shack_village, layout_loops_corners, serial_bayou,
          serial_bayou_lagoon_a, serial_bayou_lagoon_b, serial_bayou_pond_e,
          serial_bayou_shore_b, serial_shops, nicolae_shop_advertising_works
          [nicolae_subvault_shop_adworks]
D:7:      layout_gridville
D:8:      layout_rooms, serial_rivers, chequers_serial_rivers_large_a,
          chequers_serial_rivers_small_a, chequers_serial_rivers_small_3,
          chequers_serial_rivers_room_a, chequers_serial_rivers_small_b,
          chequers_serial_rivers_micro_c
D:9:      layout_basic, lemuel_doored_altar, uniq_harold
D:10:     layout_basic
D:11:     layout_long_grid, david_lair_shrubbed, erik_orc_4,
          gauntlet_entry_generic, minmay_guarded_unrand_vampires_tooth,
          uniq_psyche
Temple:   dpeg_five_rooms_temple
Orc:1:    layout_caves, basic_altar

Skill      XL: |  1  2  3  4  5  6  7  8  9 10 11 |
---------------+----------------------------------+-----
Fighting       | 4 5 7 8 10 11 12 | 12.7
Armour         | 4 5 6 7 8 9 |  9.3
Shields        | 4 5 6 7 8 9 |  9.4
Maces & Flails | 3 4 5 6 7 8 |  8.7
Invocations    | 2 |  2.6

Action                   |  1- 3 |  4- 6 |  7- 9 | 10-12 || total
-------------------------+-------+-------+-------+-------++-------
Melee: Flail             |    85 |    92 |       |       ||   177
       Mace              |       |    48 |   407 |   638 ||  1093
Invok: Heroism           |       |       |     4 |    13 ||    17
  Use: Potion            |       |     3 |     1 |     7 ||    11
       Scroll            |       |     9 |     6 |    10 ||    25
Armor: Scale mail        |    43 |    77 |    10 |       ||   130
       Plate armour      |       |       |   324 |    58 ||   382
       Chain mail        |       |       |       |   403 ||   403
Dodge: Dodged            |    49 |    63 |    96 |   193 ||   401
Block: Buckler           |    22 |    29 |    50 |       ||   101
       Kite shield       |       |       |    95 |   130 ||   225
       Tower shield      |       |       |       |   557 ||   557
       Reflection        |       |       |       |    24 ||    24

Table legend: (Time is in decaauts)
 A = Elapsed time spent in this place.
 B = Non-inter-level travel time spent in this place.
 C = Inter-level travel time spent in this place.
 D = Time resting spent in this place.
 E = Time spent auto-exploring this place.
 F = Levels seen in this place.
 G = Mean time per level.
                   A        B        C        D        E       F      G
               +--------+--------+--------+--------+--------+-----+--------+
         Total |   9928 |   9333 |    595 |    358 |   6353 |  13 |  763.7 |
       Dungeon |   8995 |   8600 |    395 |      0 |   6117 |  11 |  817.7 |
        Temple |    404 |    213 |    191 |      0 |    201 |   1 |  404.0 |
  Orcish Mines |    528 |    520 |      8 |    358 |     35 |   1 |  528.0 |
               +--------+--------+--------+--------+--------+-----+--------+

Top non-repeatable levels by time:
     D:5: 1174 daAuts
     D:6: 1143 daAuts
     D:4: 965 daAuts
     D:9: 939 daAuts
     D:8: 848 daAuts
     D:3: 798 daAuts
     D:7: 745 daAuts
     D:1: 709 daAuts
     D:2: 617 daAuts
    D:10: 584 daAuts
   Orc:1: 528 daAuts
    D:11: 468 daAuts
  Temple: 404 daAuts
